 Dungeon Crawl Stone Soup version 0.29.0-4-gdea44cf6ec (webtiles) character file.

Game seed: 3529304455764518018

61410 qw the Severer (level 12, -14/104 (118) HPs)
             Began as a Minotaur Fighter on Sept 7, 2022.
             Was the Champion of Ru.
             Killed from afar by an ice dragon (50 damage)
             ... with a blast of cold
             ... on level 15 of the Dungeon.
             The game lasted 00:08:03 (21367 turns).

qw the Severer (Minotaur Fighter)                  Turns: 21367, Time: 00:08:04

HP:   -14/104 (118) AC: 30    Str: 32    XL:     12   Next: 60%
MP:   4/11          EV:  8    Int:  5    God:    Ru [******]
Gold: 926           SH: 21    Dex: 10    Spells: 11/11 levels left

rFire   . . .      SeeInvis .   Y - +2 broad axe (vamp)
rCold   . . .      Faith    .   i - +0 tower shield
rNeg    . . .      Spirit   .   l - +0 plate armour
rPois   +          Reflect  +   (helmet restricted)
rElec   .          Harm     .   r - +2 cloak {rPois}
rCorr   .          Rampage  .   m - +2 pair of gloves
Will    .....                   e - +2 pair of boots
Stlth   ..........              q - amulet of reflection
HPRegen 0.27/turn               o - +4 ring of protection
MPRegen 0.12/turn               k - +6 ring of strength

@: exhausted, about to teleport, heavily drained
A: horns 2, no stealth, hated by all, no ice magic, no translocations magic, no
transmutations magic, inexperienced 2, retaliatory headbutt
a: Renounce Religion, Draw Out Power, Power Leap, Apocalypse


You were on level 15 of the Dungeon.
You worshipped Ru.
Ru was exalted by your worship.
You visited 3 branches of the dungeon, and saw 21 of its levels.
You also visited: Ossuary.

You collected 1356 gold pieces.
You spent 430 gold pieces at shops.


Innate Abilities, Weirdness & Mutations

You have a pair of horns on your head.
You cannot be stealthy.
You are hated by all.
You cannot study or cast Ice magic.
You cannot study or cast Translocations magic.
You cannot study or cast Transmutations magic.
You are inexperienced. (-2 XL)
You reflexively headbutt those who attack you in melee.


   Skills:
 - Level 14.8 Fighting
 - Level 19.0 Axes
 - Level 5.2 Throwing
 - Level 13.0 Armour
 - Level 6.4 Dodging
 + Level 12.9 Shields


You had 11 spell levels left.
You didn't know any spells.
Your spell library was empty.

Inventory:

Hand Weapons
 u - a +0 morningstar
 Y - a +2 vampiric broad axe (weapon)
Missiles
 t - 2 javelins (quivered)
Armour
 e - a +2 pair of boots (worn)
 i - a +0 tower shield (worn)
 l - a +0 plate armour (worn)
 m - a +2 pair of gloves (worn)
 r - a +2 cloak of poison resistance (worn)
 s - the +1 pair of boots of the Eternal Void {rPois}
   (You found it on level 2 of the Lair of Beasts)

   rPois:     It protects you from poison.
Jewellery
 k - a +6 ring of strength (right hand)
 o - a +4 ring of protection (left hand)
 q - an amulet of reflection (around neck)
Scrolls
 a - 7 scrolls of teleportation
 h - 12 scrolls of identify
 n - a scroll of brand weapon
Potions
 b - a potion of resistance
 d - 2 potions of might
 f - 6 potions of curing
 g - 2 potions of haste
 j - 6 potions of heal wounds
 p - 4 potions of mutation

Dungeon Overview and Level Annotations

Branches:
Dungeon (15/15)            Temple (1/1) D:5            Lair (5/5) D:8
 Shoals (0/4) Lair:3        Snake (0/4) Lair:2        Slime (0/5) Lair:5
    Orc (0/2) D:9          Vaults (0/5) D:13        Ossuary (visited)
 Depths: D:15

Altars:
Ashenzari
Cheibriados
Dithmenos
Elyvilon
Gozag
Kikubaaqudgha
Qazlal
Ru
Sif Muna
Trog
Uskayaw
Wu Jian
The Shining One

Shops:
D:6 ([   D:8 *   D:9 *

Annotations:
D:6 3 runed translucent doors, qw's ghost, novice MiFi
D:9 1 runed translucent door, qw's ghost, novice TeWr
D:11 1 runed translucent door, qw's ghost, journeyman GrFi
D:12 1 runed translucent door, tiocybot's ghost, journeyman GnTm


Message History

Ouch! That really hurt!
You slash the ice dragon!
You feel better.
The ice dragon is almost dead.
You completely miss the ice dragon. Your headbutt misses the ice dragon.
The ice dragon is almost dead.
You closely miss the ice dragon.
You redirect the ice dragon's attack!
The ice dragon bites the ice dragon but does no damage.
The ice dragon barely misses the ice dragon.
The ice dragon tramples the ice dragon!
The ice dragon is shoved backwards!
You hit the ice dragon but do no damage.
You headbutt the ice dragon.
You kill the ice dragon!
You slice the ice dragon!!
You feel better.
The ice dragon is no longer moving slowly.
You block the ice dragon's attack. x2; The ice dragon closely misses you.
You slice the ice dragon!!
You feel better.
The ice dragon is severely wounded.
The ice dragon is stunned by your conviction and fails to attack.
You barely miss the ice dragon.
The ice dragon is severely wounded.
You slash the ice dragon!
The ice dragon is almost dead.
The ice dragon breathes frost at you. The blast of cold hits you!!!
Ouch! That really hurt!
21365 ||| READING 8 scrolls of teleportation.
As you read the scroll of teleportation, it crumbles to dust.
You feel strangely unstable.
The ice dragon is stunned by your conviction and fails to attack.
21366 ||| DRINKING 7 potions of heal wounds.
You feel much better. You block the ice dragon's attack.
The ice dragon claws you but does no damage.
The ice dragon tramples you but does no damage.
You completely miss the ice dragon. You headbutt the ice dragon.
The ice dragon is almost dead.
The ice dragon breathes frost at you. The blast of cold hits you!!!
You die...

......#..#####................#
......#..# #...##...........#
#######..# #....## .........###
.........# #.....##............
...#'###.# #......##....#######
##.##..#.# #....8..#....
#...#..#.#####.......#....######
#.P.#..#.^.....D..##.#.........#
#...#..#........@##
.##...####.## ##.##..#.........#
..##.....%... .#.#####.........#
#..#......... ##.## #####......#
.$#......... #...###...#......#
D$#.......## .._.....P........#
#....#...# #...###...#......#
#....#.... ##.## #####......##
##........# .#.#######........##
##.....#..##


You could see an ice dragon (catching breath).

Vanquished Creatures
  Snorg (D:12)
  Josephine (Lair:5)
  An ice dragon (D:15)
  3 hydras (Lair:5)
  8 vault guards (D:13)
  2 boulder beetles
  Erica (D:10)
  A catoblepas (Lair:5)
  3 two-headed ogres
  4 centaur warriors
  5 tengu warriors (D:15)
  10 death yaks
  Urug (D:12)
  A deep troll shaman (Lair:5)
  A fire crab (Lair:1)
  Pikel (D:4)
  A lindwurm (Lair:2)
  A wizard (D:14)
  3 cyclopes
  3 manticores
  A deep elf pyromancer (D:14)
  9 ugly things
  8 black mambas
  2 merfolk sirens (Lair:3)
  2 elephants (Lair:5)
  3 unseen horrors
  6 cane toads
  2 rime drakes (Lair:2)
  A rime drake (shapeshifter) (D:14)
  A kobold demonologist (D:13)
  5 komodo dragons
  3 polar bears (Lair:5)
  3 meliai (D:14)
  2 merfolk (Lair:3)
  A tarantella (shapeshifter) (D:15)
  A troll (D:9)
  A hornet (Lair:1)
  4 blink frogs (Lair:1)
  A slime creature (Lair:5)
  5 wraiths
  5 wyverns
  4 basilisks
  A steam dragon (Lair:3)
  35 yaks
  4 vampire mosquitoes (D:13)
  3 nagas (Lair:2)
  10 water moccasins
  An acid dragon (D:9)
  Duvessa (D:6)
  2 ice beasts (D:5)
  4 black bears
  4 orc warriors (D:9)
  5 ogres
  19 wolves
  8 centaurs
  6 kobold brigands
  9 bullfrogs
  An elf zombie (Ossuary)
  3 gnoll sergeants (D:9)
  2 scorpions
  11 wights
  Dowan (D:6)
  16 killer bees
  An electric eel (D:14)
  6 howler monkeys
  A centaur zombie (Ossuary)
  3 hounds
  2 orc priests
  2 gnoll boudas
  2 human zombies (Ossuary)
  3 jellies (Lair:5)
  5 orc wizards
  8 iguanas
  2 mummies (Ossuary)
  15 gnolls
  6 adders
  A white imp (D:6)
  A worm (D:4)
  13 orcs
  8 endoplasms
  5 giant cockroaches
  9 goblins
  5 hobgoblins
  4 jackals
  12 kobolds
  3 quokkas
  5 ball pythons
  5 bats
  6 frilled lizards
  A goblin zombie (Ossuary)
  10 hobgoblin zombies (Ossuary)
  A jackal zombie (Ossuary)
  11 kobold zombies (Ossuary)
  6 orc zombies (Ossuary)
  6 rats
  4 rat zombies (Ossuary)
440 creatures vanquished.

Vanquished Creatures (others)
  A boulder beetle (Lair:4)
  2 hydras
  41 fungi
  40 plants
84 creatures vanquished.

Grand Total: 524 creatures vanquished

Notes
Turn   | Place    | Note
-------+----------+-------------------------------------------
     0 | D:1      | qw the Minotaur Fighter began the quest for the Orb.
     0 | D:1      | Reached XP level 1. HP: 19/19 MP: 0/0
     0 | D:1      | 0 ||| qw: Version: 0.1-a-108-g9e35731
     0 | D:1      | 0 ||| qw: Game counter: 6491
     0 | D:1      | 0 ||| qw: Always use a shield: true
     0 | D:1      | 0 ||| qw: God list: Ru
     0 | D:1      | 0 ||| qw: Allow faded altars: false
     0 | D:1      | 0 ||| qw: Do Orc after D:15 true
     0 | D:1      | 0 ||| qw: Do second Lair branch before Depths: true
     0 | D:1      | 0 ||| qw: Lair rune preference: random
     0 | D:1      | 0 ||| qw: Plans: Normal
     0 | D:1      | 0 ||| PLANNING D:1-11
    30 | D:1      | Reached skill level 3 in Axes
    33 | D:1      | 33 ||| Stepping ~*~*~tactically~*~*~ (stealth).
   177 | D:1      | Reached XP level 2. HP: 26/26 MP: 1/1
   213 | D:1      | 213 ||| Stepping ~*~*~tactically~*~*~ (stealth).
   381 | D:1      | Reached skill level 4 in Axes
   668 | D:1      | Reached XP level 3. HP: 26/31 MP: 2/2
   813 | D:1      | 813 ||| UPGRADING to +0 cloak.
   818 | D:1      | 818 ||| READING scroll labelled FUPHIWN AHUO.
   819 | D:1      | 819 ||| DRINKING 2 white potions.
   820 | D:1      | 820 ||| DROPPING potion of attraction.
   849 | D:2      | 849 ||| Stepping ~*~*~tactically~*~*~ (stealth).
  1025 | D:2      | Identified the +0 helmet of the Fife {Dex+3}
  1139 | D:2      | 1139 ||| Stepping ~*~*~tactically~*~*~ (stealth).
  1240 | D:2      | 1240 ||| Stepping ~*~*~tactically~*~*~ (stealth).
  1241 | D:2      | 1241 ||| Stepping ~*~*~tactically~*~*~ (stealth).
  1243 | D:2      | 1243 ||| Stepping ~*~*~tactically~*~*~ (stealth).
  1504 | D:2      | 1504 ||| UPGRADING to +0 plate armour.
  1514 | D:2      | 1514 ||| DROPPING +0 scale mail.
  1515 | D:2      | 1515 ||| UPGRADING to +4 ring of protection.
  1516 | D:2      | 1516 ||| READING 2 scrolls labelled VIEFARO GIHUXTOCHI.
  1520 | D:2      | 1520 ||| READING scroll labelled MAS YSCHYVIR.
  1521 | D:2      | 1521 ||| READING scroll labelled ZACEVU ESUTEAS.
  1522 | D:2      | 1522 ||| READING scroll labelled TUFFETEUMI.
  1523 | D:2      | 1523 ||| DRINKING 3 golden potions.
  1524 | D:2      | 1524 ||| DROPPING 2 potions of invisibility.
  1733 | D:3      | 1733 ||| DROPPING +0 club.
  1746 | D:3      | Reached skill level 5 in Axes
  1905 | D:3      | Reached XP level 4. HP: 22/39 MP: 3/3
  2039 | D:3      | 2039 ||| Stepping ~*~*~tactically~*~*~ (stealth).
  2220 | D:3      | 2220 ||| Stepping ~*~*~tactically~*~*~ (stealth).
  2292 | D:3      | Reached skill level 6 in Axes
  2477 | D:3      | 2477 ||| READING scroll labelled XAIRIYG QILITZ.
  2478 | D:3      | 2478 ||| READING scroll labelled EGOSCH POOKKA.
  2609 | D:3      | 2609 ||| DRINKING 2 emerald potions.
  2644 | D:4      | 2644 ||| DROPPING +1 antimagic hand axe.
  2686 | D:4      | Noticed Pikel
  2686 | D:4      | Noticed a lemure
  2686 | D:4      | Noticed a lemure
  2689 | D:4      | Noticed a lemure
  2689 | D:4      | Noticed a lemure
  2696 | D:4      | Killed Pikel
  2697 | D:4      | Reached skill level 6 in Dodging
  2697 | D:4      | Reached XP level 5. HP: 45/45 MP: 4/4
  2697 | D:4      | Reached XP level 6. HP: 51/51 MP: 5/5
  2697 | D:4      | Reached XP level 7. HP: 57/57 MP: 6/6
  2959 | D:4      | Reached skill level 7 in Axes
  3328 | D:4      | Found an ancient bone altar of Kikubaaqudgha.
  3531 | D:4      | 3531 ||| UPGRADING to +0 pair of gloves.
  3536 | D:4      | 3536 ||| UPGRADING to +6 ring of strength.
  3537 | D:4      | 3537 ||| READING scroll labelled KONO ADIRORADI.
  3556 | D:5      | Entered Level 5 of the Dungeon
  3743 | D:5      | Reached skill level 8 in Axes
  3846 | D:5      | Reached XP level 8. HP: 61/66 MP: 7/7
  3919 | D:5      | Reached skill level 9 in Axes
  4032 | D:5      | 4032 ||| Stepping ~*~*~tactically~*~*~ (stealth).
  4298 | D:5      | 4298 ||| Stepping ~*~*~tactically~*~*~ (stealth).
  4310 | D:5      | Reached skill level 10 in Axes
  4318 | D:5      | Reached skill level 6 in Fighting
  4318 | D:5      | Reached XP level 9. HP: 66/78 MP: 8/8
  4414 | D:5      | Found a staircase to the Ecumenical Temple.
  4415 | D:5      | 4415 ||| PLANNING TEMPLE
  4415 | D:5      | 4415 ||| READING scroll labelled PISEGH EREI.
  4416 | D:5      | 4416 ||| READING scroll labelled CINWUZX QYWEU.
  4417 | D:5      | 4417 ||| DRINKING 2 fizzy amethyst potions.
  4418 | D:5      | 4418 ||| DRINKING 3 lumpy orange potions.
  4419 | D:5      | 4419 ||| DRINKING 2 viscous brown potions.
  4420 | D:5      | 4420 ||| DROPPING 2 potions of brilliance.
  4421 | D:5      | 4421 ||| DROPPING potion of flight.
  4430 | Temple   | Entered the Ecumenical Temple
  4439 | Temple   | Became a worshipper of Ru the Awakened
  4455 | Temple   | 4455 ||| PLANNING D:1-11
  4510 | D:6      | Found Diuniu's Antique Weapon Shoppe.
  4516 | D:6      | 4516 ||| BUYING glowing mace (168 gold).
  4516 | D:6      | Bought a glowing mace for 168 gold pieces
  4517 | D:6      | 4517 ||| DROPPING +1 mace of protection.
  4528 | D:6      | Found a runed translucent gate.
  4529 | D:6      | Found a runed translucent gate.
  4536 | D:6      | Found a runed translucent gate.
  4686 | D:6      | Found Hadad-Baal's Dragon-Slaying Spoils.
  4693 | D:6      | 4693 ||| SHOPLISTING +0 gold dragon scales (1120 gold, have
                  | 193).
  4693 | D:6      | 4693 ||| SHOPLISTING +0 ice dragon scales (840 gold, have
                  | 193).
  4693 | D:6      | 4693 ||| SHOPLISTING +0 pearl dragon scales (1400 gold,
                  | have 193).
  4693 | D:6      | 4693 ||| SHOPLISTING +0 shadow dragon scales (1120 gold,
                  | have 193).
  4693 | D:6      | 4693 ||| SHOPLISTING +0 storm dragon scales (1120 gold,
                  | have 193).
  4693 | D:6      | 4693 ||| SHOPLISTING +1 fire dragon scales of Suttiaph
                  | {rPois rF++ rC-} (1066 gold, have 193).
  4693 | D:6      | 4693 ||| SHOPLISTING +6 swamp dragon scales "Itroroed"
                  | {Rampage *Corrode rElec rPois rF+} (1335 gold, have 193).
  4733 | D:6      | 4733 ||| Stepping ~*~*~tactically~*~*~ (hiding).
  4739 | D:6      | 4739 ||| FLEEEEING.
  4740 | D:6      | 4740 ||| FLEEEEING.
  4741 | D:6      | 4741 ||| FLEEEEING.
  4742 | D:6      | 4742 ||| FLEEEEING.
  4743 | D:6      | 4743 ||| FLEEEEING.
  4744 | D:6      | 4744 ||| FLEEEEING.
  4745 | D:6      | 4745 ||| FLEEEEING.
  4746 | D:6      | 4746 ||| FLEEEEING.
  4747 | D:6      | 4747 ||| FLEEEEING.
  4748 | D:6      | 4748 ||| FLEEEEING.
  4749 | D:6      | 4749 ||| STAIRDANCE
  4803 | D:5      | 4803 ||| READING 2 scrolls of identify.
  4803 | D:5      | 4803 ||| IDENTIFYING coppery potion
  4876 | D:6      | Found a broken altar of Ashenzari.
  5004 | D:6      | Noticed qw's ghost (novice MiFi)
  5152 | D:6      | Noticed Dowan
  5154 | D:6      | Noticed Duvessa
  5161 | D:6      | Killed Duvessa
  5162 | D:6      | Reached skill level 11 in Axes
  5170 | D:6      | Killed Dowan
  5218 | D:6      | 5218 ||| Stepping ~*~*~tactically~*~*~ (stealth).
  5219 | D:6      | 5219 ||| Stepping ~*~*~tactically~*~*~ (stealth).
  5227 | D:6      | 5227 ||| Stepping ~*~*~tactically~*~*~ (stealth).
  5413 | D:6      | 5413 ||| DROPPING scarf of harm.
  5414 | D:6      | 5414 ||| READING scroll labelled GYFEZUKOTEMN.
  5415 | D:6      | 5415 ||| READING 2 scrolls of identify.
  5415 | D:6      | 5415 ||| IDENTIFYING green potion
  5432 | D:7      | 5432 ||| PLANNING OSSUARY
  5460 | D:7      | 5460 ||| Stepping ~*~*~tactically~*~*~ (hiding).
  5657 | D:7      | Found a sand-covered staircase.
  5658 | D:7      | 5658 ||| READING scroll labelled JIRCHAN UMNEJ.
  5767 | D:7      | Reached skill level 3 in Throwing
  5827 | D:7      | 5827 ||| INVOKING Sacrifice Experience.
  5827 | D:7      | Gained mutation: You are somewhat inexperienced. (-1 XL)
                  | [Ru sacrifice]
  5827 | D:7      | Reached XP level 8. HP: 71/71 MP: 7/7
  5827 | D:7      | Reached * piety under Ru
  5857 | D:7      | Reached skill level 12 in Axes
  5861 | D:7      | 5861 ||| DROPPING +0 flail.
  5905 | Ossuary  | Entered an ossuary
  6064 | Ossuary  | Reached skill level 6 in Armour
  6110 | Ossuary  | 6110 ||| READING scroll of enchant weapon.
  6110 | Ossuary  | 6110 ||| ENCHANTING +1 war axe.
  6211 | Ossuary  | 6211 ||| DRINKING 2 fizzy sapphire potions.
  6225 | D:7      | 6225 ||| PLANNING D:1-11
  6434 | D:7      | Found a shimmering blue altar of Sif Muna.
  6434 | D:7      | Found a snail-covered altar of Cheibriados.
  6480 | D:7      | 6480 ||| UPGRADING to +0 pair of boots.
  6485 | D:7      | 6485 ||| READING 2 scrolls of identify.
  6485 | D:7      | 6485 ||| IDENTIFYING fuming ruby potion
  6486 | D:7      | 6486 ||| DROPPING potion of magic.
  6523 | D:8      | 6523 ||| Stepping ~*~*~tactically~*~*~ (hiding).
  6525 | D:8      | 6525 ||| Stepping ~*~*~tactically~*~*~ (hiding).
  6615 | D:8      | Noticed a two-headed ogre
  6616 | D:8      | 6616 ||| Stepping ~*~*~tactically~*~*~ (stealth).
  6624 | D:8      | Killed a two-headed ogre
  6625 | D:8      | Reached skill level 13 in Axes
  6625 | D:8      | Reached XP level 9. HP: 49/79 MP: 8/8
  6957 | D:8      | 6957 ||| Stepping ~*~*~tactically~*~*~ (stealth).
  6963 | D:8      | 6963 ||| Stepping ~*~*~tactically~*~*~ (stealth).
  6970 | D:8      | 6970 ||| FLEEEEING.
  6971 | D:8      | 6971 ||| FLEEEEING.
  6973 | D:8      | 6973 ||| FLEEEEING.
  6974 | D:8      | 6974 ||| FLEEEEING.
  6978 | D:8      | 6978 ||| FLEEEEING.
  6979 | D:8      | 6979 ||| FLEEEEING.
  6980 | D:8      | 6980 ||| FLEEEEING.
  6981 | D:8      | 6981 ||| FLEEEEING.
  6992 | D:8      | 6992 ||| FLEEEEING.
  6993 | D:8      | 6993 ||| FLEEEEING.
  6994 | D:8      | 6994 ||| FLEEEEING.
  7001 | D:8      | 7001 ||| FLEEEEING.
  7002 | D:8      | 7002 ||| FLEEEEING.
  7003 | D:8      | 7003 ||| FLEEEEING.
  7004 | D:8      | 7004 ||| FLEEEEING.
  7010 | D:8      | 7010 ||| FLEEEEING.
  7011 | D:8      | 7011 ||| FLEEEEING.
  7019 | D:8      | 7019 ||| FLEEEEING.
  7020 | D:8      | 7020 ||| FLEEEEING.
  7021 | D:8      | 7021 ||| FLEEEEING.
  7022 | D:8      | 7022 ||| FLEEEEING.
  7023 | D:8      | 7023 ||| FLEEEEING.
  7024 | D:8      | 7024 ||| FLEEEEING.
  7025 | D:8      | 7025 ||| FLEEEEING.
  7026 | D:8      | 7026 ||| FLEEEEING.
  7027 | D:8      | 7027 ||| FLEEEEING.
  7028 | D:8      | 7028 ||| FLEEEEING.
  7029 | D:8      | 7029 ||| FLEEEEING.
  7030 | D:8      | 7030 ||| FLEEEEING.
  7031 | D:8      | 7031 ||| FLEEEEING.
  7032 | D:8      | 7032 ||| FLEEEEING.
  7033 | D:8      | 7033 ||| FLEEEEING.
  7034 | D:8      | 7034 ||| FLEEEEING.
  7035 | D:8      | 7035 ||| FLEEEEING.
  7036 | D:8      | 7036 ||| STAIRDANCE
  7185 | D:8      | 7185 ||| STAIRDANCE
  7231 | D:8      | Found a staircase to the Lair.
  7427 | D:8      | Found Time's Assorted Antiques.
  7430 | D:8      | 7430 ||| BUYING runed cloak (187 gold).
  7430 | D:8      | Bought a runed cloak for 187 gold pieces
  7430 | D:8      | 7430 ||| BUYING scroll of teleportation (75 gold).
  7430 | D:8      | Bought a scroll of teleportation for 75 gold pieces
  7526 | D:8      | 7526 ||| Stepping ~*~*~tactically~*~*~ (stealth).
  7527 | D:8      | 7527 ||| Stepping ~*~*~tactically~*~*~ (stealth).
  7751 | D:8      | 7751 ||| UPGRADING to +1 cloak of poison resistance.
  7761 | D:8      | 7761 ||| DROPPING +0 cloak.
  7762 | D:8      | 7762 ||| UPGRADING to amulet of reflection.
  7886 | D:9      | Found a runed translucent door.
  7895 | D:9      | Noticed qw's ghost (novice TeWr)
  7968 | D:9      | 7968 ||| Stepping ~*~*~tactically~*~*~ (hiding).
  7970 | D:9      | 7970 ||| Stepping ~*~*~tactically~*~*~ (stealth).
  8047 | D:9      | Found Fizapt's Island Escapes.
  8099 | D:9      | 8099 ||| FLEEEEING.
  8100 | D:9      | 8100 ||| FLEEEEING.
  8101 | D:9      | 8101 ||| FLEEEEING.
  8102 | D:9      | 8102 ||| FLEEEEING.
  8103 | D:9      | 8103 ||| FLEEEEING.
  8110 | D:9      | 8110 ||| FLEEEEING.
  8111 | D:9      | 8111 ||| FLEEEEING.
  8112 | D:9      | 8112 ||| FLEEEEING.
  8118 | D:9      | 8118 ||| FLEEEEING.
  8119 | D:9      | 8119 ||| FLEEEEING.
  8120 | D:9      | 8120 ||| FLEEEEING.
  8128 | D:9      | 8128 ||| FLEEEEING.
  8133 | D:9      | 8133 ||| FLEEEEING.
  8134 | D:9      | 8134 ||| FLEEEEING.
  8138 | D:9      | 8138 ||| FLEEEEING.
  8139 | D:9      | 8139 ||| FLEEEEING.
  8258 | D:9      | Found a staircase to the Orcish Mines.
  8259 | D:9      | 8259 ||| Stepping ~*~*~tactically~*~*~ (hiding).
  8262 | D:9      | 8262 ||| Stepping ~*~*~tactically~*~*~ (hiding).
  8307 | D:9      | Reached skill level 14 in Axes
  8553 | D:9      | 8553 ||| INVOKING Sacrifice Stealth.
  8553 | D:9      | Gained mutation: You cannot be stealthy. [Ru sacrifice]
  8553 | D:9      | Reached ** piety under Ru
  8556 | D:9      | 8556 ||| DROPPING +4 flail.
  8654 | D:9      | 8654 ||| Stepping ~*~*~tactically~*~*~ (stealth).
  8655 | D:9      | 8655 ||| Stepping ~*~*~tactically~*~*~ (stealth).
  8657 | D:9      | 8657 ||| Stepping ~*~*~tactically~*~*~ (stealth).
  8659 | D:9      | 8659 ||| Stepping ~*~*~tactically~*~*~ (hiding).
  8915 | D:9      | 8915 ||| DRINKING 2 silvery potions.
  8916 | D:9      | 8916 ||| READING 4 scrolls of identify.
  8916 | D:9      | 8916 ||| IDENTIFYING bubbling inky potion
  8917 | D:9      | 8917 ||| READING 3 scrolls of identify.
  8917 | D:9      | 8917 ||| IDENTIFYING sedimented green potion
  8918 | D:9      | 8918 ||| DROPPING potion of lignification.
  8919 | D:9      | 8919 ||| DROPPING potion of degeneration.
  8951 | D:10     | Entered Level 10 of the Dungeon
  8951 | D:10     | Noticed a two-headed ogre
  8960 | D:10     | Killed a two-headed ogre
  8961 | D:10     | Reached skill level 15 in Axes
  8961 | D:10     | 8961 ||| STAIRDANCE
  9140 | D:10     | 9140 ||| Stepping ~*~*~tactically~*~*~ (stealth).
  9157 | D:10     | Reached XP level 10. HP: 86/88 MP: 9/9
  9508 | D:10     | Reached skill level 9 in Fighting
  9645 | D:10     | Noticed Erica
  9647 | D:10     | 9647 ||| Stepping ~*~*~tactically~*~*~ (hiding).
  9650 | D:10     | 9650 ||| Stepping ~*~*~tactically~*~*~ (hiding).
  9651 | D:10     | 9651 ||| Stepping ~*~*~tactically~*~*~ (hiding).
  9656 | D:10     | Killed Erica
 10057 | D:10     | 10057 ||| Stepping randomly (disturbance).
 10236 | D:10     | 10236 ||| UPGRADING to +2 pair of boots.
 10246 | D:10     | 10246 ||| DROPPING +0 pair of boots.
 10247 | D:10     | 10247 ||| DROPPING ring of magical power.
 10287 | D:11     | 10287 ||| PLANNING GAUNTLET
 10365 | D:11     | Noticed a boulder beetle
 10416 | D:11     | Killed a boulder beetle
 10417 | D:11     | Reached skill level 16 in Axes
 10682 | D:11     | Found a gate leading to a gauntlet.
 10697 | D:11     | 10697 ||| RIP GAUNTLET
 10766 | D:11     | 10766 ||| PLANNING D:1-11
 10795 | D:11     | Found a runed translucent door.
 10805 | D:11     | Noticed qw's ghost (journeyman GrFi)
 10916 | D:11     | Identified the +0 helmet "Xenunoc" {+Inv}
 10934 | D:11     | Reached skill level 6 in Shields
 11014 | D:11     | 11014 ||| Stepping ~*~*~tactically~*~*~ (stealth).
 11080 | D:11     | 11080 ||| PLANNING LAIR
 11080 | D:11     | 11080 ||| READING scroll labelled TOAW HEKHOUWK.
 11081 | D:11     | 11081 ||| READING scroll labelled WIUWEA HIOCW.
 11082 | D:11     | 11082 ||| READING scroll labelled EPLUFI EFFIFYF.
 11201 | Lair:1   | Entered Level 1 of the Lair of Beasts
 11241 | Lair:1   | Noticed a fire crab
 11242 | Lair:1   | 11242 ||| Stepping ~*~*~tactically~*~*~ (hiding).
 11250 | Lair:1   | Killed a fire crab
 11251 | Lair:1   | Reached skill level 9 in Armour
 11432 | Lair:1   | 11432 ||| INVOKING Sacrifice Love.
 11432 | Lair:1   | Gained mutation: You are hated by all. [Ru sacrifice]
 11432 | Lair:1   | Reached *** piety under Ru
 11432 | Lair:1   | Reached **** piety under Ru
 11462 | Lair:1   | 11462 ||| Stepping ~*~*~tactically~*~*~ (stealth).
 11946 | Lair:1   | Noticed a death yak
 11946 | Lair:1   | Noticed a death yak
 11946 | Lair:1   | Noticed a death yak
 11949 | Lair:1   | Noticed a death yak
 11956 | Lair:1   | Noticed a death yak
 11957 | Lair:1   | Noticed a death yak
 11962 | Lair:1   | Killed a death yak
 11963 | Lair:1   | Reached skill level 17 in Axes
 11965 | Lair:1   | Killed a death yak
 11967 | Lair:1   | Killed a death yak
 11968 | Lair:1   | Reached XP level 11. HP: 58/99 MP: 10/10
 11969 | Lair:1   | Killed a death yak
 11975 | Lair:1   | HP: 16/99 [death yak (14)]
 11976 | Lair:1   | 11976 ||| READING 4 scrolls of teleportation.
 11977 | Lair:1   | 11977 ||| INVOKING Draw Out Power.
 11980 | Lair:1   | Killed a death yak
 12489 | Lair:1   | Killed a death yak
 12635 | Lair:2   | 12635 ||| READING scroll of enchant armour.
 12635 | Lair:2   | 12635 ||| ENCHANTING +0 pair of gloves.
 12664 | Lair:2   | 12664 ||| Stepping ~*~*~tactically~*~*~ (hiding).
 12884 | Lair:2   | Noticed a boulder beetle
 12910 | Lair:2   | Killed a boulder beetle
 12947 | Lair:2   | 12947 ||| FLEEEEING.
 12948 | Lair:2   | 12948 ||| FLEEEEING.
 12949 | Lair:2   | 12949 ||| FLEEEEING.
 12950 | Lair:2   | 12950 ||| FLEEEEING.
 12952 | Lair:2   | 12952 ||| FLEEEEING.
 12953 | Lair:2   | 12953 ||| FLEEEEING.
 12954 | Lair:2   | 12954 ||| FLEEEEING.
 12959 | Lair:2   | 12959 ||| STAIRDANCE
 13145 | Lair:2   | Found a staircase to the Snake Pit.
 13244 | Lair:2   | 13244 ||| SWAPPING to +0 broad axe.
 13245 | Lair:2   | 13245 ||| DROPPING +2 war axe.
 13435 | Lair:2   | Identified the +1 pair of boots of the Eternal Void {rPois}
 13848 | Lair:3   | 13848 ||| READING scroll of enchant armour.
 13848 | Lair:3   | 13848 ||| ENCHANTING +1 pair of gloves.
 13870 | Lair:3   | 13870 ||| Stepping ~*~*~tactically~*~*~ (stealth).
 13900 | Lair:3   | Noticed a six-headed hydra
 13903 | Lair:3   | 13903 ||| SWAPPING to +0 morningstar.
 13908 | Lair:3   | Killed a six-headed hydra
 13909 | Lair:3   | Reached skill level 18 in Axes
 13909 | Lair:3   | 13909 ||| SWAPPING to +0 broad axe.
 13979 | Lair:3   | 13979 ||| INVOKING Sacrifice Experience.
 13979 | Lair:3   | Gained mutation: You are inexperienced. (-2 XL) [Ru
                  | sacrifice]
 13979 | Lair:3   | Reached XP level 10. HP: 95/95 MP: 9/9
 13979 | Lair:3   | Reached ***** piety under Ru
 13983 | Lair:3   | 13983 ||| INVOKING Apocalypse.
 14096 | Lair:3   | 14096 ||| Stepping ~*~*~tactically~*~*~ (hiding).
 14221 | Lair:3   | Found a staircase to the Shoals.
 14734 | Lair:3   | 14734 ||| DROPPING +6 ring of dexterity.
 14735 | Lair:3   | 14735 ||| READING scroll labelled DEABYPNAIMM.
 14871 | Lair:4   | 14871 ||| INVOKING Apocalypse.
 14878 | Lair:4   | 14878 ||| FLEEEEING.
 14942 | Lair:4   | 14942 ||| Stepping ~*~*~tactically~*~*~ (stealth).
 14944 | Lair:4   | 14944 ||| Stepping ~*~*~tactically~*~*~ (stealth).
 14965 | Lair:4   | 14965 ||| FLEEEEING.
 14970 | Lair:4   | 14970 ||| STAIRDANCE
 15034 | Lair:4   | Noticed a boulder beetle
 15059 | Lair:4   | Killed a boulder beetle
 15060 | Lair:4   | Reached skill level 19 in Axes
 15242 | Lair:4   | Reached XP level 11. HP: 84/99 MP: 10/10
 15391 | Lair:4   | 15391 ||| READING scroll of enchant weapon.
 15391 | Lair:4   | 15391 ||| ENCHANTING +0 broad axe.
 15444 | Lair:4   | 15444 ||| INVOKING Apocalypse.
 15651 | Lair:4   | 15651 ||| Stepping ~*~*~tactically~*~*~ (stealth).
 15740 | Lair:4   | 15740 ||| Stepping ~*~*~tactically~*~*~ (stealth).
 15906 | Lair:4   | 15906 ||| Stepping ~*~*~tactically~*~*~ (stealth).
 15910 | Lair:4   | 15910 ||| Stepping ~*~*~tactically~*~*~ (stealth).
 15913 | Lair:4   | 15913 ||| Stepping ~*~*~tactically~*~*~ (stealth).
 15915 | Lair:4   | 15915 ||| Stepping ~*~*~tactically~*~*~ (stealth).
 15920 | Lair:4   | 15920 ||| Stepping ~*~*~tactically~*~*~ (stealth).
 15938 | Lair:4   | Reached skill level 12 in Fighting
 16001 | Lair:4   | 16001 ||| DROPPING +0 chain mail of willpower.
 16036 | Lair:5   | Entered Level 5 of the Lair of Beasts
 16056 | Lair:5   | 16056 ||| Stepping ~*~*~tactically~*~*~ (hiding).
 16057 | Lair:5   | 16057 ||| DRINKING potion of cancellation.
 16142 | Lair:5   | 16142 ||| Stepping ~*~*~tactically~*~*~ (stealth).
 16144 | Lair:5   | 16144 ||| Stepping ~*~*~tactically~*~*~ (stealth).
 16211 | Lair:5   | 16211 ||| INVOKING Apocalypse.
 16212 | Lair:5   | 16212 ||| Stepping ~*~*~tactically~*~*~ (hiding).
 16213 | Lair:5   | 16213 ||| FLEEEEING.
 16214 | Lair:5   | 16214 ||| FLEEEEING.
 16215 | Lair:5   | 16215 ||| FLEEEEING.
 16221 | Lair:5   | 16221 ||| Stepping ~*~*~tactically~*~*~ (cloud).
 16232 | Lair:5   | Reached skill level 12 in Armour
 16311 | Lair:5   | 16311 ||| INVOKING Sacrifice Arcana.
 16311 | Lair:5   | Gained mutation: You cannot study or cast Ice magic. [Ru
                  | sacrifice]
 16311 | Lair:5   | Gained mutation: You cannot study or cast Transmutations
                  | magic. [Ru sacrifice]
 16311 | Lair:5   | Gained mutation: You cannot study or cast Translocations
                  | magic. [Ru sacrifice]
 16311 | Lair:5   | Reached ****** piety under Ru
 16314 | Lair:5   | 16314 ||| Stepping ~*~*~tactically~*~*~ (stealth).
 16315 | Lair:5   | 16315 ||| Stepping ~*~*~tactically~*~*~ (stealth).
 16317 | Lair:5   | 16317 ||| INVOKING Apocalypse.
 16318 | Lair:5   | 16318 ||| FLEEEEING.
 16319 | Lair:5   | 16319 ||| FLEEEEING.
 16320 | Lair:5   | 16320 ||| FLEEEEING.
 16321 | Lair:5   | 16321 ||| FLEEEEING.
 16324 | Lair:5   | 16324 ||| FLEEEEING.
 16325 | Lair:5   | 16325 ||| FLEEEEING.
 16326 | Lair:5   | 16326 ||| FLEEEEING.
 16327 | Lair:5   | 16327 ||| FLEEEEING.
 16328 | Lair:5   | 16328 ||| FLEEEEING.
 16329 | Lair:5   | 16329 ||| FLEEEEING.
 16330 | Lair:5   | 16330 ||| FLEEEEING.
 16331 | Lair:5   | 16331 ||| FLEEEEING.
 16332 | Lair:5   | 16332 ||| FLEEEEING.
 16333 | Lair:5   | 16333 ||| FLEEEEING.
 16334 | Lair:5   | 16334 ||| FLEEEEING.
 16335 | Lair:5   | 16335 ||| FLEEEEING.
 16354 | Lair:5   | Noticed Josephine
 16355 | Lair:5   | 16355 ||| Stepping ~*~*~tactically~*~*~ (stealth).
 16370 | Lair:5   | 16370 ||| Stepping ~*~*~tactically~*~*~ (stealth).
 16408 | Lair:5   | 16408 ||| Stepping ~*~*~tactically~*~*~ (stealth).
 16409 | Lair:5   | 16409 ||| Stepping ~*~*~tactically~*~*~ (stealth).
 16419 | Lair:5   | 16419 ||| Stepping ~*~*~tactically~*~*~ (stealth).
 16425 | Lair:5   | 16425 ||| Stepping ~*~*~tactically~*~*~ (hiding).
 16426 | Lair:5   | 16426 ||| Stepping ~*~*~tactically~*~*~ (hiding).
 16427 | Lair:5   | 16427 ||| Stepping ~*~*~tactically~*~*~ (hiding).
 16442 | Lair:5   | Killed Josephine
 16635 | Lair:5   | 16635 ||| Stepping ~*~*~tactically~*~*~ (stealth).
 16642 | Lair:5   | 16642 ||| INVOKING Apocalypse.
 16643 | Lair:5   | 16643 ||| FLEEEEING.
 16644 | Lair:5   | 16644 ||| FLEEEEING.
 16645 | Lair:5   | 16645 ||| FLEEEEING.
 16646 | Lair:5   | 16646 ||| FLEEEEING.
 16649 | Lair:5   | 16649 ||| FLEEEEING.
 16650 | Lair:5   | 16650 ||| FLEEEEING.
 16651 | Lair:5   | 16651 ||| FLEEEEING.
 16652 | Lair:5   | 16652 ||| STAIRDANCE
 16708 | Lair:4   | 16708 ||| DROPPING ring of ice.
 16756 | Lair:5   | 16756 ||| Stepping ~*~*~tactically~*~*~ (stealth).
 16757 | Lair:5   | 16757 ||| Stepping ~*~*~tactically~*~*~ (stealth).
 16764 | Lair:5   | Reached skill level 9 in Shields
 16770 | Lair:5   | 16770 ||| Stepping ~*~*~tactically~*~*~ (stealth).
 16774 | Lair:5   | 16774 ||| SWAPPING to +0 morningstar.
 16781 | Lair:5   | 16781 ||| SWAPPING to +1 broad axe.
 16793 | Lair:5   | 16793 ||| FLEEEEING.
 16794 | Lair:5   | 16794 ||| FLEEEEING.
 16874 | Lair:5   | Found a staircase to the Slime Pits.
 16925 | Lair:5   | 16925 ||| Stepping ~*~*~tactically~*~*~ (stealth).
 16928 | Lair:5   | 16928 ||| INVOKING Apocalypse.
 17179 | Lair:5   | 17179 ||| SWAPPING to +0 morningstar.
 17184 | Lair:5   | 17184 ||| INVOKING Apocalypse.
 17185 | Lair:5   | 17185 ||| SWAPPING to +1 broad axe.
 17272 | Lair:5   | Identified the -2 helmet of Cocytus {Str+2}
 17382 | Lair:5   | 17382 ||| PLANNING D
 17382 | Lair:5   | 17382 ||| READING 3 scrolls labelled QIPOYF YPSUT.
 17383 | Lair:5   | 17383 ||| READING 2 scrolls of brand weapon.
 17383 | Lair:5   | 17383 ||| BRANDING +1 broad axe of venom.
 17384 | Lair:5   | 17384 ||| READING scroll of brand weapon.
 17384 | Lair:5   | 17384 ||| BRANDING +1 vorpal broad axe.
 17626 | D:12     | 17626 ||| Stepping randomly (disturbance).
 17718 | D:12     | 17718 ||| FLEEEEING.
 17719 | D:12     | 17719 ||| FLEEEEING.
 17720 | D:12     | 17720 ||| FLEEEEING.
 17721 | D:12     | 17721 ||| STAIRDANCE
 17838 | D:12     | Noticed Urug
 17847 | D:12     | Killed Urug
 18013 | D:12     | 18013 ||| Stepping ~*~*~tactically~*~*~ (stealth).
 18014 | D:12     | 18014 ||| Stepping ~*~*~tactically~*~*~ (stealth).
 18031 | D:12     | Found a hide-covered altar of Uskayaw.
 18033 | D:12     | 18033 ||| FLEEEEING.
 18034 | D:12     | 18034 ||| FLEEEEING.
 18041 | D:12     | 18041 ||| STAIRDANCE
 18217 | D:12     | Noticed tiocybot's ghost (journeyman GnTm)
 18218 | D:12     | Found a runed translucent door.
 18318 | D:12     | Noticed Snorg
 18319 | D:12     | 18319 ||| INVOKING Apocalypse.
 18324 | D:12     | Killed Snorg
 18355 | D:12     | 18355 ||| Stepping ~*~*~tactically~*~*~ (stealth).
 18359 | D:12     | 18359 ||| Stepping ~*~*~tactically~*~*~ (stealth).
 18445 | D:12     | 18445 ||| READING scroll of enchant weapon.
 18445 | D:12     | 18445 ||| ENCHANTING +1 vampiric broad axe.
 18895 | D:13     | 18895 ||| Stepping ~*~*~tactically~*~*~ (stealth).
 18905 | D:13     | Reached XP level 12. HP: 100/107 MP: 11/11
 19063 | D:13     | Found a gate to the Vaults.
 19470 | D:13     | 19470 ||| UPGRADING to +0 tower shield.
 19480 | D:13     | 19480 ||| DROPPING +0 buckler.
 19531 | D:14     | 19531 ||| INVOKING Apocalypse.
 19532 | D:14     | 19532 ||| FLEEEEING.
 19533 | D:14     | 19533 ||| FLEEEEING.
 19553 | D:14     | 19553 ||| FLEEEEING.
 19554 | D:14     | 19554 ||| FLEEEEING.
 19555 | D:14     | 19555 ||| FLEEEEING.
 19556 | D:14     | 19556 ||| FLEEEEING.
 19557 | D:14     | 19557 ||| FLEEEEING.
 19558 | D:14     | 19558 ||| FLEEEEING.
 19559 | D:14     | 19559 ||| FLEEEEING.
 19560 | D:14     | 19560 ||| FLEEEEING.
 19561 | D:14     | 19561 ||| FLEEEEING.
 19565 | D:14     | 19565 ||| SWAPPING to +0 morningstar.
 19569 | D:14     | 19569 ||| SWAPPING to +2 vampiric broad axe.
 19678 | D:14     | 19678 ||| Stepping ~*~*~tactically~*~*~ (hiding).
 19703 | D:14     | 19703 ||| Stepping ~*~*~tactically~*~*~ (hiding).
 19706 | D:14     | 19706 ||| INVOKING Apocalypse.
 20105 | D:14     | 20105 ||| FLEEEEING.
 20106 | D:14     | 20106 ||| FLEEEEING.
 20500 | D:15     | Entered Level 15 of the Dungeon
 20663 | D:15     | 20663 ||| Stepping ~*~*~tactically~*~*~ (stealth).
 20666 | D:15     | 20666 ||| Stepping ~*~*~tactically~*~*~ (hiding).
 20668 | D:15     | 20668 ||| Stepping ~*~*~tactically~*~*~ (hiding).
 20684 | D:15     | 20684 ||| Stepping ~*~*~tactically~*~*~ (stealth).
 20719 | D:15     | 20719 ||| Stepping ~*~*~tactically~*~*~ (hiding).
 20835 | D:15     | 20835 ||| FLEEEEING.
 20836 | D:15     | 20836 ||| FLEEEEING.
 20837 | D:15     | 20837 ||| FLEEEEING.
 20838 | D:15     | 20838 ||| FLEEEEING.
 20839 | D:15     | 20839 ||| FLEEEEING.
 20896 | D:15     | 20896 ||| Stepping ~*~*~tactically~*~*~ (hiding).
 20897 | D:15     | 20897 ||| Stepping ~*~*~tactically~*~*~ (hiding).
 20899 | D:15     | 20899 ||| Stepping ~*~*~tactically~*~*~ (hiding).
 20929 | D:15     | Identified the +0 helmet "Jycac" {rCorr}
 20952 | D:15     | Reached skill level 12 in Shields
 21014 | D:15     | 21014 ||| Stepping ~*~*~tactically~*~*~ (hiding).
 21015 | D:15     | 21015 ||| Stepping ~*~*~tactically~*~*~ (hiding).
 21087 | D:15     | Found an ornate altar of the Wu Jian Council.
 21180 | D:15     | 21180 ||| READING scroll of enchant armour.
 21180 | D:15     | 21180 ||| ENCHANTING +1 cloak of poison resistance.
 21273 | D:15     | Found a white marble altar of Elyvilon.
 21346 | D:15     | 21346 ||| Stepping ~*~*~tactically~*~*~ (hiding).
 21351 | D:15     | 21351 ||| Stepping ~*~*~tactically~*~*~ (stealth).
 21352 | D:15     | 21352 ||| Stepping ~*~*~tactically~*~*~ (stealth).
 21353 | D:15     | 21353 ||| Stepping ~*~*~tactically~*~*~ (stealth).
 21354 | D:15     | 21354 ||| INVOKING Apocalypse.
 21364 | D:15     | HP: 22/104 [ice dragon/blast of cold (54)]
 21365 | D:15     | 21365 ||| READING 8 scrolls of teleportation.
 21366 | D:15     | 21366 ||| DRINKING 7 potions of heal wounds.
 21367 | D:15     | Killed from afar by an ice dragon

Levels and vault maps discovered:
D:1:      giann_bridges, layout_basic, st_stairs_5, kennysheep_doodads
D:2:      layout_loops_cross, minmay_pentomino_t4
D:3:      layout_basic, st_stairs_5
D:4:      layout_loops_ring, kiku_gazebo_garden_becter, serial_forest,
          infiniplex_forest_join, infiniplex_forest_zigzag_1,
          infiniplex_forest_clump_double, infiniplex_forest_zigzag_1,
          infiniplex_forest_zigzag_1, st_stairs_6, minmay_misc_feat_roman,
          uniq_pikel
D:5:      layout_loops_ring, minmay_temple_entry_poolview,
          minmay_misc_feat_columns, st_stairs_5, hangedman_decor_clover_reticule
D:6:      layout_basic, nicolae_ashenzari_skybound, gammafunk_ghost_icy,
          serial_shops, nicolae_stop_n_shop_1, nicolae_shop_dragon_depot,
          uniq_duvessa
D:7:      layout_basic, gammafunk_temple_overflow_elements,
          nicolae_ossuary_entry_false_entrances, minivault_1
D:8:      layout_basic, lair_entry_dummy, serial_shops,
          nicolae_shop_behind_doors
D:9:      layout_irregular_city, kennysheep_orc_monster_closet_entryway,
          ebering_ghost_reflecting_pool, corexii_hall_statues_l,
          nicolae_island_escapes
D:10:     layout_long_grid, uniq_erica
D:11:     layout_cave_pools, gauntlet_entry_generic, gammafunk_ghost_grave
D:12:     layout_irregular_city, hellmonk_ghost_big_iron,
          nicolae_twisting_strands, nicolae_uskayaw_dance_hall, uniq_urug,
          uniq_snorg
D:13:     layout_irregular_city, erik_vaults_2
D:14:     layout_long_grid, nrook_pool_corridor
D:15:     grunt_enter_depths_hoard, layout_irregular_city,
          nicolae_wu_jian_wuxing_cycle, serial_column_ruins,
          column_ruins_hut_ruined, column_ruins_open_medium,
          column_ruins_grid_3, column_ruins_open_large, column_ruins_corridor_T,
          column_ruins_grid_1, column_ruins_open_tiny,
          column_ruins_columns_water, elyvilon_altar_1
Temple:   mainiacjoe_temple_coin_purse
Lair:1:   layout_regular_city, serial_bayou_shore_b
Lair:2:   layout_chaotic_city, minmay_snake_entry_guardpost_small,
          nzn_sisyphean_effort
Lair:3:   layout_cave_pods, elwin_shoals_entry_stream,
          grunt_forest_small_clearings, beast_lair_carwin_7,
          lemuel_fruit_fields, grunt_megastairs_5, lemuel_fruit_fields
Lair:4:   layout_cave_pods, st_stairs_10
Lair:5:   grunt_lair_end_beastmaster, layout_loops_ring,
          minmay_slime_entry_pillars, st_stairs_8, serial_bayou_pond_e,
          uniq_josephine

Skill      XL: |  1  2  3  4  5  6  7  8  9 10 11 12 |
---------------+-------------------------------------+-----
Axes           | 3 4 5 6 8 13 15 19 18 | 19.0
Dodging        | 6 |  6.4
Fighting       | 4 7 8 10 14 | 14.8
Throwing       | 2 4 5 |  5.2
Armour         | 6 7 9 12 13 | 13.0
Shields        | 5 6 9 12 | 12.9

Action                   |  1- 3 |  4- 6 |  7- 9 | 10-12 || total
-------------------------+-------+-------+-------+-------++-------
Melee: War axe           |   109 |    30 |   427 |   262 ||   828
       Headbutt          |     7 |     4 |    83 |   181 ||   275
       Broad axe         |       |       |       |   540 ||   540
       Morningstar       |       |       |       |    14 ||    14
Throw: Boomerang         |    18 |    22 |    36 |       ||    76
       Javelin           |       |       |    21 |    46 ||    67
Invok: Sacrifice Experie |       |       |     1 |     1 ||     2
       Sacrifice Stealth |       |       |     1 |       ||     1
       Apocalypse        |       |       |       |    12 ||    12
       Sacrifice Love    |       |       |       |     1 ||     1
       Draw Out Power    |       |       |       |     1 ||     1
       Sacrifice Arcana  |       |       |       |     1 ||     1
  Use: Scroll            |     5 |     2 |    11 |    14 ||    32
       Potion            |     2 |     1 |     5 |     2 ||    10
 Stab: Invisible         |       |       |       |     4 ||     4
       Distracted        |       |       |       |     2 ||     2
Armor: Scale mail        |    28 |       |       |       ||    28
       Plate armour      |    19 |    16 |   187 |   346 ||   568
Dodge: Dodged            |    53 |     9 |   110 |   185 ||   357
Block: Buckler           |    18 |     5 |    84 |   204 ||   311
       Reflection        |       |       |     3 |    14 ||    17
       Tower shield      |       |       |       |   120 ||   120

Table legend:
 A = Non-vault XP
 B = Vault XP
 C = Vault XP percentage of total XP
 D = Non-vault monster count
 E = Vault monster count
 F = Vault count percentage of total count
                 A         B        C        D         E       F
            +---------+---------+-------+---------+---------+-------
      Total |   60216 |   27513 |  31.4 |     314 |     129 |  29.1
            +---------+---------+-------+---------+---------+-------
        D:1 |      36 |       5 |  12.2 |      23 |       3 |  11.5
        D:2 |      18 |       6 |  25.0 |      12 |       3 |  20.0
        D:3 |     104 |       1 |   1.0 |      21 |       1 |   4.5
        D:4 |     231 |     731 |  76.0 |       9 |       2 |  18.2
        D:5 |    1808 |      52 |   2.8 |      16 |       3 |  15.8
        D:6 |     533 |     217 |  28.9 |      14 |       2 |  12.5
        D:7 |     778 |       0 |   0.0 |      16 |       0 |   0.0
        D:8 |    2137 |       0 |   0.0 |      19 |       0 |   0.0
        D:9 |     879 |    1765 |  66.8 |      16 |      20 |  55.6
       D:10 |    4135 |     842 |  16.9 |      23 |       1 |   4.2
       D:11 |    2141 |       0 |   0.0 |       9 |       0 |   0.0
       D:12 |    2579 |    1753 |  40.5 |       8 |       2 |  20.0
       D:13 |    2284 |    6242 |  73.2 |      11 |       8 |  42.1
       D:14 |    5914 |       0 |   0.0 |      13 |       0 |   0.0
       D:15 |   10344 |     896 |   8.0 |      20 |       1 |   4.8
     Lair:1 |    8375 |       0 |   0.0 |      17 |       0 |   0.0
     Lair:2 |    4286 |    1305 |  23.3 |      15 |       4 |  21.1
     Lair:3 |    2326 |    2307 |  49.8 |       7 |      11 |  61.1
     Lair:4 |    6420 |     377 |   5.5 |      29 |       3 |   9.4
     Lair:5 |    4888 |   10723 |  68.7 |      16 |      26 |  61.9
    Ossuary |       0 |     291 | 100.0 |       0 |      39 | 100.0
            +---------+---------+-------+---------+---------+-------
